AoeStats
← The Bear Jew

Hideout

508234966Analyzed
1v1 RM · 11d ago on Sep 21, 2026· 57m 31s· 2 players
Game mode
Random Map
Map size
Tiny (2 player)
Population
200
Speed
Normal
Resources
Standard
Victory
Conquest
Starting age
Dark Age
Ending age
Imperial Age
RankedLock teamsTeams togetherTeam positionsShared explorationLock speedFull tech treeHidden civsTurbo modeCheats
Victory
Defeat
🇪🇸 Teutons · Spain
960
+15
🇪🇸 Goths · Spain
931
-15
rodcamu
3:20 Loom
11:47 Feudal Age
11:51 Man-at-Arms
12:34 Double-Bit Axe
12:33 Horse Collar
13:36 Scale Mail Armor
14:59 Town Watch
16:15 Wheelbarrow
20:57 Castle Age
20:10 Forging
20:51 Gold Mining
20:59 Fletching
21:59 Hand Cart
22:19 Squires
21:40 Pikeman
23:21 Chain Mail Armor
24:40 Bow Saw
24:54 Long Swordsman
27:09 Town Patrol
33:13 Stone Mining
40:49 Imperial Age
39:34 Iron Casting
40:55 Anarchy
41:51 Conscription
41:32 Perfusion
41:03 Capped Ram
43:37 Two-Handed Swordsman
43:38 Halberdier
46:10 Champion
53:12 Masonry
53:23 Ballistics
54:39 Chemistry
53:35 Heated Shot
55:06 Architecture
56:46 Elite Huskarl
The Bear Jew
6:28 Loom
12:15 Feudal Age
12:55 Double-Bit Axe
16:21 Castle Age
18:14 Stone Mining
18:32 Gold Mining
20:19 Bloodlines
20:22 Scale Barding Armor
26:42 Squires
27:41 Town Watch
30:30 Scale Mail Armor
31:37 Chain Mail Armor
31:33 Forging
32:01 Fletching
33:33 Loom
35:50 Wheelbarrow
35:28 Town Patrol
37:04 Iron Casting
38:48 Stone Shaft Mining
42:18 Imperial Age
40:23 Bodkin Arrow
40:42 Bow Saw
40:15 Horse Collar
41:20 Ballistics
43:23 Elite Teutonic Knight
44:24 Conscription
45:09 Plate Mail Armor
45:40 Blast Furnace
44:19 Cavalier
46:16 Chemistry
45:55 Capped Ram
52:25 Crenellations
54:29 Paladin
56:49 Chain Barding Armor
Connection lost

Rejoining the realm…

Still unreachable

The connection could not be restored.

Session expired

The server has moved on; the page needs a fresh start.